 Dungeon Crawl Stone Soup version 0.24.0-123-gd5b16e6ec5 (webtiles) character file.

Game seed: 6475204614928853446, levelgen mode: deterministic

93 Kobolds4U the Conjurer (level 4, -5/24 HPs)
             Began as a Deep Elf Conjurer on Dec 16, 2019.
             Slain by Sigmund
             ... wielding a +0 scythe
              (12 damage)
             ... on level 3 of the Dungeon.
             The game lasted 00:04:28 (3172 turns).

Kobolds4U the Conjurer (Deep Elf Conjurer)          Turns: 3172, Time: 00:04:28

Health: -5/24      AC:  2    Str:  6    XL:     4   Next: 37%
Magic:  8/12       EV: 13    Int: 20    God:
Gold:   149        SH:  0    Dex: 15    Spells: 5/11 levels left

rFire    . . .     SeeInvis .   f - +0 dagger
rCold    . . .     Gourm    .   (no shield)
rNeg     . . .     Faith    .   a - +0 robe
rPois    .         Spirit   .   (no helmet)
rElec    .         Reflect  .   (no cloak)
rCorr    .         Harm     .   (no gloves)
MR       .....                  (no boots)
Stlth    ++........             (no amulet)
HPRegen  0.08/turn              (no ring)
MPRegen  0.13/turn              (no ring)

@: no status effects
A: no striking features
a: no special abilities


You were on level 3 of the Dungeon.
You were hungry.

You visited 1 branch of the dungeon, and saw 3 of its levels.

You collected 149 gold pieces.

Inventory:

Hand Weapons
 f - a +0 dagger (weapon)
Missiles
 r - 3 boomerangs (quivered)
Armour
 a - a +0 robe (worn)
Magical Staves
 t - an uncursed staff of earth
Jewellery
 o - an uncursed amulet of regeneration {unknown}
Scrolls
 b - a scroll of immolation {unknown}
 e - a scroll of teleportation {unknown}
 i - 10 scrolls of identify {unknown}
 j - a scroll of remove curse {unknown}
 n - a scroll of enchant armour {unknown}
 q - a scroll of random uselessness {unknown}
Potions
 d - a potion of degeneration {unknown}
 g - 3 potions of magic {unknown}
 h - a potion of curing {unknown}
 k - a potion of agility {unknown}
 l - a potion of heal wounds {unknown}
 m - a potion of ambrosia {unknown}
 p - a potion of brilliance {unknown}
Comestibles
 c - 6 rations


   Skills:
 - Level 2.4 Dodging
 - Level 2.4 Stealth
 - Level 4.0 Spellcasting
 * Level 6.1 Conjurations


You had 5 spell levels left.
You knew the following spells:

 Your Spells              Type           Power        Failure   Level  Hunger
a - Magic Dart            Conj           ####         1%          1    None
b - Searing Ray           Conj           ####..       1%          2    #......
c - Dazzling Spray        Conj/Hex       ###...       11%         3    ###....

Your spell library contained the following spells:

 Spells                   Type           Power        Failure   Level  Hunger
 Iskenderun's Mystic Bla  Conj           ####....     11%         4    ####...
 Force Lance              Conj/Tloc      ###.....     36%         4    ####...
 Fulminant Prism          Conj/Hex       ###.......   36%         4    ####...


Dungeon Overview and Level Annotations

Branches:
Dungeon (3/15)

Altars:
Dithmenos
Fedhas

Annotations:
D:3 Sigmund


Message History

The searing ray misses Sigmund.
Sigmund closely misses you.
The searing ray hits Sigmund!
Sigmund is moderately wounded.
The searing ray hits Sigmund!
Sigmund is severely wounded.
You finish channeling your searing ray.
Sigmund casts a spell.
Sigmund flickers and vanishes!
Deactivating autopickup; reactivate with Ctrl-A.
Casting: Searing Ray (safe; 1% risk of failure)
Confirm with . or Enter, or press ? or * to list all spells.
You can't see any susceptible monsters within range! (Use Z to cast anyway.)
Something barely misses you.
You miss something. Something hits you!
* * * LOW HITPOINT WARNING * * *
You hit something but do no damage.
You are feeling hungry.
You closely miss something. Something hits you!
Ouch! That really hurt!
You die...

#.........#
#.........###
#...........##########
#........##...........
#.(......############.
#................# #.
...#...###########.#
#. ##...# #.# #. #.#@#
#.# #. +...{...# #.#
#. ##....#.# #.# #.
+...#.. .. #.# #. ###.
.## ## #.# #. #. .#
#.# #. #. .# #.# #.
##### #. .. #.# #.
..... #.## #.


There were no monsters in sight!

Vanquished Creatures
  A hound (D:3)
  An adder (D:2)
  2 oozes (D:1)
  A dart slug (D:1)
  An orc (D:3)
  A giant cockroach (D:3)
  4 goblins
  7 hobgoblins
  3 jackals (D:1)
  7 kobolds
  A quokka (D:2)
  4 bats
  6 frilled lizards
  4 rats
43 creatures vanquished.

Notes
Turn   | Place    | Note
-------+----------+-------------------------------------------
     0 | D:1      | Kobolds4U the Deep Elf Conjurer began the quest for the
                  | Orb.
     0 | D:1      | Reached XP level 1. HP: 10/10 MP: 6/6
   195 | D:1      | Reached XP level 2. HP: 15/15 MP: 6/8
   199 | D:1      | Learned a level 2 spell: Searing Ray
   508 | D:1      | Reached skill level 5 in Conjurations
   770 | D:1      | Reached XP level 3. HP: 15/19 MP: 10/10
   775 | D:1      | Learned a level 3 spell: Dazzling Spray
  1932 | D:2      | Found a blossoming altar of Fedhas.
  2635 | D:3      | Reached skill level 6 in Conjurations
  2635 | D:3      | Reached XP level 4. HP: 9/24 MP: 7/12
  2831 | D:3      | Found a shadowy altar of Dithmenos.
  3161 | D:3      | Noticed Sigmund
  3172 | D:3      | Slain by Sigmund

Levels and vault maps discovered:
D:1:      sevenhm_arrival_forest_fort_large_2, layout_basic, st_stairs_14
D:2:      layout_basic, fedhas_altar_3
D:3:      layout_basic, nicolae_overflow_crystal_walls, tso_oasis_becter,
          first_ration, uniq_sigmund

Skill      XL: |  1  2  3 |
---------------+----------+-----
Conjurations   | 5 6 |  6.1
Spellcasting   | 4 |  4.0
Dodging        | |  2.4
Stealth        | |  2.4

Action                   |  1- 3 |  4- 6 || total
-------------------------+-------+-------++-------
Melee: Unarmed           |     3 |       ||     3
       Dagger            |    20 |     4 ||    24
 Cast: Magic Dart        |    49 |    10 ||    59
       Searing Ray       |     6 |     1 ||     7
 Stab: Sleeping          |     3 |       ||     3
  Eat: Chunk             |     3 |       ||     3
       Ration            |     1 |       ||     1
Armor: Robe              |     9 |       ||     9
Dodge: Dodged            |    19 |     2 ||    21
